 Dungeon Crawl Stone Soup version 0.20.0-9-g8272e65 (webtiles) character file.

193 Manul the Skirmisher (level 5, -5/32 HPs)
             Began as a Deep Elf Abyssal Knight on June 3, 2017.
             Was a Believer of Lugonu.
             Killed by divine providence
             ... invoked by an orc priest
              (14 damage)
             ... on level 4 of the Dungeon.
             The game lasted 00:04:17 (3954 turns).

Manul the Skirmisher (Deep Elf Abyssal Knight)      Turns: 3954, Time: 00:04:17

Health: -5/32      AC:  4    Str:  9    XL:     5   Next: 43%
Magic:  8/8        EV: 13    Int: 17    God:    Lugonu [**....]
Gold:   173        SH:  0    Dex: 15    Spells: 4/4 levels left

rFire    . . .     SeeInvis .   o - +2 whip (venom)
rCold    . . .     Gourm    .   (no shield)
rNeg     . . .     Faith    .   b - +0 leather armour
rPois    .         Spirit   .   (no helmet)
rElec    .         Reflect  .   (no cloak)
rCorr    .         Harm     .   d - +0 pair of gloves
MR       .....                  (no boots)
Stlth    ++........             (no amulet)
Regen    0.1/turn               (no ring)
MPRegen  0.2/turn               (no ring)

@: no status effects
A: no striking features
a: Depart the Abyss, Bend Space, Renounce Religion


You were on level 4 of the Dungeon.
You worshipped Lugonu.
Lugonu was pleased with you.
You were not hungry.

You visited 1 branch of the dungeon, and saw 4 of its levels.
You visited the Abyss 1 time.

You collected 173 gold pieces.

Inventory:

Hand Weapons
 a - a +1 short sword
 o - a +2 whip of venom (weapon)
Armour
 b - a +0 leather armour (worn)
 d - a +0 pair of gloves (worn)
Scrolls
 e - a scroll of fog {unknown}
 h - 3 scrolls of identify {unknown}
 j - a scroll of enchant weapon {unknown}
 k - 5 scrolls of teleportation {unknown}
 n - 2 scrolls of amnesia {unknown}
 q - 2 scrolls of blinking {unknown}
 r - a scroll of random uselessness {unknown}
 u - 3 scrolls of remove curse {unknown}
 v - a scroll of magic mapping {unknown}
 w - a scroll of enchant armour {unknown}
Potions
 g - 2 potions of curing
 l - a potion of heal wounds
 s - a potion of magic {unknown}
 t - a potion of lignification {unknown}
Comestibles
 c - 3 bread rations
 f - 2 fruits
 i - 2 meat rations
 m - 2 royal jellies
 p - 5 chunks of flesh


   Skills:
 + Level 3.6 Fighting
 - Level 3.3 Short Blades
 + Level 1.7 Armour
 + Level 3.0 Dodging
 + Level 1.1 Stealth
 * Level 2.6 Invocations


You had 4 spell levels left.
You didn't know any spells.

Dungeon Overview and Level Annotations

Branches:
Dungeon (4/15)
 Temple: D:4-7

Altars:
Sif Muna


Message History

The orc priest hits you with a club. The orc barely misses you.
The orc shouts! x2
You hit the orc priest.
The orc priest is poisoned.
The orc priest is lightly wounded.
The orc hits you. The orc priest hits you with a club.
You barely miss the orc priest.
The orc priest is lightly wounded.
The orc barely misses you.
The orc priest hits you but does no damage.
You closely miss the orc priest.
The orc priest is moderately wounded.
The orc closely misses you. The orc priest hits you with a club.
There is an open door here.
The orc priest mumbles some strange prayers to Beogh against you.
Beogh smites you!
* * * LOW HITPOINT WARNING * * *
Some of the chunks of flesh in your inventory have rotted away.
The orc priest invokes the aid of Beogh against you.
Beogh smites you!
You die...

##[.#..## #.......#
#.......##
#.###....#
.##+########.####
..............#
..............#
........oo....#
##.###'###.@##
#.#####.#
#.....oo#.....#####
#.....oo#(...##...#
#.......#.....<...#
#.......#.........#
#.......#....##...#
##.###.###...##+###
.. #. #...#


You could see an orc priest and an orc.

Vanquished Creatures
  Jessica (D:3)
  Terence (D:2)
  Robin (D:1)
  4 adders
  2 dart slugs
  6 orcs (D:3)
  A ball python (D:1)
  5 bats
  4 giant cockroaches
  14 goblins
  14 hobgoblins
  2 jackals (D:2)
  A quokka (D:2)
  8 frilled lizards
  6 kobolds
  11 rats
81 creatures vanquished.

Notes
Turn   | Place    | Note
-------+----------+-------------------------------------------
     0 | Abyss:1  | Manul the Deep Elf Abyssal Knight began the quest for the Orb.
     0 | Abyss:1  | Reached XP level 1. HP: 13/13 MP: 4/4
   148 | Abyss:2  | Noticed a glowing orange brain
   152 | D:1      | Escaped the Abyss
   633 | D:1      | Reached XP level 2. HP: 12/18 MP: 5/5
  1512 | D:2      | Reached * piety under Lugonu
  1532 | D:2      | Found a deep blue altar of Sif Muna.
  1554 | D:2      | Reached XP level 3. HP: 19/22 MP: 6/6
  1673 | D:2      | Noticed Terence
  1726 | D:2      | Noticed Robin
  2076 | D:1      | Reached skill level 1 in Armour
  2294 | D:1      | Killed Robin
  2430 | D:2      | Reached XP level 4. HP: 24/28 MP: 7/7
  3439 | D:2      | Killed Terence
  3500 | D:3      | Reached ** piety under Lugonu
  3503 | D:3      | Reached XP level 5. HP: 25/32 MP: 8/8
  3741 | D:3      | Noticed Jessica
  3748 | D:3      | Killed Jessica
  3748 | D:3      | Reached skill level 1 in Stealth
  3954 | D:4      | Killed from afar by an orc priest

Skill      XL: |  1  2  3  4  5 |
---------------+----------------+-----
Fighting       | 3 |  3.6
Armour         | 1 |  1.7
Short Blades   | 3 |  3.3
Dodging        | 3 |  3.0
Stealth        | 1 |  1.1
Invocations    | |  2.6

Action                   |  1- 3 |  4- 6 || total
-------------------------+-------+-------++-------
Melee: Short sword       |   163 |       ||   163
       Whip              |    11 |   103 ||   114
Invok: Depart the Abyss  |     1 |       ||     1
  Use: Scroll            |     2 |       ||     2
       Potion            |     2 |       ||     2
 Stab: Sleeping          |       |     2 ||     2
  Eat: Chunk             |     5 |     5 ||    10
Armor: Leather armour    |    45 |    26 ||    71
Dodge: Dodged            |   126 |    62 ||   188
